 Dungeon Crawl Stone Soup version 0.25.1-2-g60ff931df9 (webtiles) character file.

Game seed: 11798828703034892714

53 lepoulpe303 the Sneak (level 3, -7/16 HPs)
             Began as a Spriggan Earth Elementalist on Sept 7, 2020.
             Mangled by a gnoll
             ... wielding a +0 flail of protection
              (12 damage)
             ... on level 2 of the Dungeon.
             The game lasted 00:06:06 (1269 turns).

lepoulpe303 the Sneak (Spriggan Earth Elementalist) Turns: 1269, Time: 00:06:07

Health: -7/16      AC:  2    Str:  4    XL:     3   Next: 62%
Magic:  0/9        EV: 23    Int: 17    God:
Gold:   119        SH:  0    Dex: 16    Spells: 6/9 levels left

rFire    . . .     SeeInvis +   j - -2 short sword (curse)
rCold    . . .     Gourm    .   (shield restricted)
rNeg     . . .     Faith    .   c - +0 robe
rPois    .         Spirit   .   (helmet restricted)
rElec    .         Reflect  .   (no cloak)
rCorr    .         Harm     .   (gloves unavailable)
MR       .....                  (boots unavailable)
Stlth    +++.......             (no amulet)
HPRegen  0.05/turn              b - +4 ring of evasion
MPRegen  0.11/turn              (no ring)

@: very quick
A: very small, unfitting armour, see invisible, herbivore, speed 3, slow
metabolism 2
a: no special abilities


You were on level 2 of the Dungeon.
You were not hungry.

You visited 1 branch of the dungeon, and saw 2 of its levels.

You collected 119 gold pieces.

Inventory:

Hand Weapons
 j - a cursed -2 short sword (weapon)
Missiles
 Q - 73 stones (quivered)
Armour
 c - a +0 robe (worn)
 h - a +0 buckler
Jewellery
 b - a +4 ring of evasion (left hand)
Scrolls
 a - a scroll of noise {unknown}
 i - 2 scrolls of identify
 t - a scroll of teleportation
Potions
 d - 2 potions of heal wounds {unknown}
Comestibles
 e - 2 rations


   Skills:
 + Level 0.3 Short Blades
 + Level 3.5 Dodging
 + Level 3.5 Stealth
 + Level 0.5 Shields
 * Level 3.5 Spellcasting
 - Level 1.3 Transmutations
 * Level 3.1 Earth Magic


You had 6 spell levels left.
You knew the following spells:

 Your Spells              Type           Power        Failure   Level  Hunger
a - Sandblast             Erth           ##....       4%          1    None
w - Passwall              Tmut/Erth      ##......     10%         2    ##.....

Your spell library contained the following spells:

 Spells                   Type           Power        Failure   Level  Hunger
 Stone Arrow              Conj/Erth      #.....       26%         3    ###....
 Petrify                  Tmut/Erth      ##......     54%         4    ####...
 Lee's Rapid Deconstruct  Erth           ##........   77%         5    ######.


Dungeon Overview and Level Annotations

Branches:
Dungeon (2/15)

Altars:


Innate Abilities, Weirdness & Mutations

You are very small and have problems with some larger weapons.
You are too small for most types of armour.
You have supernaturally acute eyesight. (SInv)
You are a herbivore.
You cover ground extremely quickly.
You need to consume almost no food.


Message History

Aim: a gnoll, wielding a +0 flail of protection (moderately wounded)
The blast of sand hits the gnoll but does no damage.
Q - 75 stones
* * * LOW MAGIC WARNING * * *
The gnoll closely misses you.
You now have 2/9 mp.
Aim: a gnoll, wielding a +0 flail of protection (moderately wounded)
The blast of sand hits the gnoll but does no damage.
Q - 74 stones
* * * LOW MAGIC WARNING * * *
The gnoll hits you with a +0 flail of protection.
* * * LOW HITPOINT WARNING * * *
You take 3 damage, and have 5/16 hp.
You now have 1/9 mp.
Aim: a gnoll, wielding a +0 flail of protection (moderately wounded)
The blast of sand hits the gnoll but does no damage.
Q - 73 stones
* * * LOW MAGIC WARNING * * *
The gnoll hits you with a +0 flail of protection!
Ouch! That really hurt!
You die...

#.....♣..#...##
#....+........'.##..
#?...+........'.÷÷÷.
#....#..♣.....#..#..
#....#........#..#..
#....#....)...#..#..
#####....####''####†.###
.?......###....#<)...###
.......@g†.....#.......#
...###.###.............#
....................#
.......#.............#
.........######........#
.....?.. #........#
.##..... #.........
##... #......... #...
#.........


You could see a gnoll.

Levels and vault maps discovered:
D:1:      dpeg_arrival_ternary, layout_rooms, nrook_campfire
D:2:      cheibrodos_greedy_goblins, layout_basic,
          nicolae_ru_sacrificial_ziggurat, minivault_5,
          kennysheep_generic_room_7

Notes
Turn   | Place    | Note
-------+----------+-------------------------------------------
     0 | D:1      | lepoulpe303 the Spriggan Earth Elementalist began the quest
                  | for the Orb.
     0 | D:1      | Reached XP level 1. HP: 9/9 MP: 5/5
    41 | D:1      | Identified a +0 club
   337 | D:1      | Identified 2 scrolls of teleportation
   726 | D:2      | Identified a +0 halberd
   750 | D:2      | Reached skill level 3 in Spellcasting
   763 | D:2      | Reached XP level 2. HP: 8/13 MP: 5/7
   866 | D:2      | Identified a +0 club
   965 | D:2      | Identified a +0 whip
   966 | D:2      | Identified a +0 flail of protection
   974 | D:2      | Identified a cursed -3 short sword (You found it on level 2
                  | of the Dungeon)
   979 | D:2      | Learned a level 2 spell: Passwall
   981 | D:1      | Identified a scroll of amnesia
   982 | D:1      | Identified a scroll of fog
   983 | D:1      | Identified a scroll of enchant weapon
   984 | D:1      | Identified a scroll of identify
   984 | D:1      | Identified a ring of evasion (You found it on level 1 of
                  | the Dungeon)
  1005 | D:2      | Reached skill level 3 in Earth Magic
  1112 | D:2      | Reached XP level 3. HP: 16/16 MP: 4/8
  1269 | D:2      | Mangled by a gnoll

Table legend:
 A = Turns spent in this place as a percentage of turns spent in the entire game.
 B = Non-inter-level travel turns spent in this place as a percentage of non-inter-level travel turns spent in the entire game.
 C = Inter-level travel turns spent in this place as a percentage of turns spent in this place.
 D = Turns resting spent in this place as a percentage of non-inter-level travel turns spent in this place.
 E = Turns spent auto-exploring this place as a percentage of non-inter-level travel turns spent in this place.
 F = Non-inter-level travel turns spent in this place divided by the number of levels of this place that you've seen.
                   A       B       C       D       E      F
               +-------+-------+-------+-------+-------+----------------------
         Total | 100.0 | 100.0 |   3.2 |  26.6 |  45.0 | 614.0
       Dungeon | 100.0 | 100.0 |   3.2 |  26.6 |  45.0 | 614.0
               +-------+-------+-------+-------+-------+----------------------

Table legend:
 A = Kills in this place as a percentage of kills in entire the game.
 B = Kills by you in this place as a percentage of kills by you in the entire game.
 C = Kills by friends in this place as a percentage of kills by friends in the entire game.
 D = Other kills in this place as a percentage of other kills in the entire game.
 E = Experience gained in this place as a percentage of experience gained in the entire game.
 F = Experience gained in this place divided by the number of levels of this place that you have seen.
                   A       B       C       D       E      F
               +-------+-------+-------+-------+-------+----------------------
         Total | 100.0 | 100.0 |   N/A |   N/A | 100.0 |  38.0
       Dungeon | 100.0 | 100.0 |   N/A |   N/A | 100.0 |  38.0
               +-------+-------+-------+-------+-------+----------------------

Skill      XL: |  1  2 |
---------------+-------+-----
Spellcasting   | 3 |  3.5
Earth Magic    | 3 |  3.1
Short Blades   | |  0.3
Dodging        | |  3.5
Stealth        | |  3.5
Shields        | |  0.5
Transmutations | |  1.3

Action                   || total
-------------------------++-------
Melee: Unarmed           ||    50
       Short sword       ||    38
 Cast: Sandblast         ||    34
  Use: Scroll            ||     5
 Stab: Sleeping          ||     2
Armor: Robe              ||     9
Dodge: Dodged            ||    98

Vanquished Creatures
  2 adders (D:2)
  2 gnolls (D:2)
  2 giant cockroaches (D:2)
  A goblin (D:2)
  3 hobgoblins
  3 frilled lizards
  8 rats (D:2)
21 creatures vanquished.
